 Dungeon Crawl Stone Soup version 0.29-a0-384-g6960b1960d (webtiles) character file.

Game seed: 4174308345881096657

2 Bruhh the Gusty (level 1, 15/16 HPs)
             Began as an Ogre Air Elementalist on May 7, 2022.
             Quit the game on level 1 of the Dungeon.
             The game lasted 00:00:15 (138 turns).

Bruhh the Gusty (Ogre Air Elementalist)              Turns: 138, Time: 00:00:15

Health: 15/16      AC:  3    Str: 11    XL:     1   Next: 40%
Magic:  0/3        EV:  9    Int: 16    God:
Gold:   32         SH:  0    Dex:  9    Spells: 3/4 levels left

rFire   . . .      SeeInvis .   (no weapon)
rCold   . . .      Faith    .   (no shield)
rNeg    . . .      Spirit   .   a - +0 robe
rPois   .          Reflect  .   (helmet restricted)
rElec   .          Harm     .   (no cloak)
rCorr   .          Rampage  .   (gloves unavailable)
Will    .....                   (boots unavailable)
Stlth   +.........              (no amulet)
HPRegen 0.05/turn               (no ring)
MPRegen 0.08/turn               (no ring)

@: very slightly contaminated
A: large, unfitting armour, tough skin 1
a: no special abilities


You were on level 1 of the Dungeon.
You visited 1 branch of the dungeon, and saw 1 of its levels.

You collected 32 gold pieces.

Inventory:

Armour
 a - a +0 robe (worn)
Scrolls
 c - a scroll of teleportation {unknown}
 d - a scroll of noise {unknown}
 e - a scroll of brand weapon {unknown}
 f - a scroll of enchant armour {unknown}
Potions
 b - a potion of magic


   Skills:
 + Level 1.8 Dodging
 + Level 1.4 Stealth
 + Level 2.4 Spellcasting
 + Level 1.0 Conjurations
 + Level 2.7 Air Magic


You had 3 spell levels left.
You knew the following spells:

 Your Spells              Type           Power      Damage    Failure   Level
a - Shock                 Conj/Air       28%        1d4       10%         1

Your spell library contained the following spells:

 Spells                   Type           Power      Damage    Failure   Level
 Static Discharge         Conj/Air       7%         N/A       14%         2
 Swiftness                Air            10%        N/A       19%         3
 Airstrike                Air            5%         N/A       54%         4


Dungeon Overview and Level Annotations

Branches:
Dungeon (1/15)

Altars:


Innate Abilities, Weirdness & Mutations

You are too large for most types of armour.
You have tough skin. (AC +1)


Message History

You kill the giant cockroach!
You are too depleted to draw on your mana recklessly!
Key pressed, stopping explore.
Key pressed, stopping explore.
You can't see any susceptible monsters within range! (Use Z to cast anyway.)
You can't see any susceptible monsters within range! (Use Z to cast anyway.)
c - a scroll labelled USOUXE OLUON Magic restored.
Key pressed, stopping explore.
d - a scroll labelled VAEZXA ARAGGEM Key pressed, stopping explore.
Found 27 stones.
You now have 8 gold pieces.
You now have 17 gold pieces (gained 9).
You see here 27 stones.
You now have 32 gold pieces (gained 15).
Found 3 silver javelins.
Key pressed, stopping explore.
Key pressed, stopping explore.
Key pressed, stopping explore.
e - a scroll labelled TAXEIQAPTO
f - a scroll labelled WATWIE GISO A ball python comes into view.
A ball python is nearby!
A ball python is nearby!
The zap hits the ball python.
The ball python is severely wounded.
The ball python hisses angrily.
The zap misses the ball python.
The ball python barely misses you.
You miscast Shock.
You are very lightly contaminated with residual magic.
Nothing appears to happen.
The ball python bites you.
You are too depleted to draw on your mana recklessly!
You barely miss the ball python.
The ball python is severely wounded.
The ball python bites you but does no damage.
You hit the ball python.
You kill the ball python!
Your Conjurations skill increases to level 1!
Are you sure you want to abandon this character and quit the game? (Confirm with "yes".)

##### ....# ....# ....#
....# #############...
....# ###.......@.......
....##........########..
........#####...#
....#..## ###.######
....#.## #......#
#.###.# ######.#
#.##..#### #.#
..........# ###.###.#
♣♣.♣♣♣##..# #.......#


There were no monsters in sight!

Vanquished Creatures
  A ball python (D:1)
  A giant cockroach (D:1)
2 creatures vanquished.

Notes
Turn   | Place    | Note
-------+----------+-------------------------------------------
     0 | D:1      | Bruhh the Ogre Air Elementalist began the quest for the
                  | Orb.
     0 | D:1      | Reached XP level 1. HP: 16/16 MP: 3/3
   136 | D:1      | Reached skill level 1 in Conjurations
   138 | D:1      | Quit the game

Illustrated notes

Levels and vault maps discovered:
D:1:      scummos_arrival_forest, layout_rooms,
          ebering_ecumenical_altar_petrified, minmay_misc_feat_encased

Skill      XL: |  1 |
---------------+----+-----
Conjurations   | 1 |  1.0
Dodging        | |  1.8
Stealth        | |  1.4
Spellcasting   | |  2.4
Air Magic      | |  2.7

Action                   || total
-------------------------++-------
Melee: Unarmed           ||     2
 Cast: Shock             ||     5
Armor: Robe              ||     2
Dodge: Dodged            ||     2

Table legend: (Time is in decaauts)
 A = Elapsed time spent in this place.
 B = Non-inter-level travel time spent in this place.
 C = Inter-level travel time spent in this place.
 D = Time resting spent in this place.
 E = Time spent auto-exploring this place.
 F = Levels seen in this place.
 G = Mean time per level.
                   A        B        C        D        E       F      G
               +--------+--------+--------+--------+--------+-----+--------+
         Total |    138 |    138 |      0 |      0 |    111 |   1 |  138.0 |
       Dungeon |    138 |    138 |      0 |      0 |    111 |   1 |  138.0 |
               +--------+--------+--------+--------+--------+-----+--------+

Top non-repeatable levels by time:
     D:1: 138 daAuts
